Map: Prion Terraces

Players

PerseVerAnce

  • Race: Terran Terran
  • League: Platinum

Yames - Winner!

  • Race: Zerg Zerg
  • League: Diamond

VOD

Have the link to the VOD?

Description

One base all in vs fast mutas.

Time

  • Played on: Dec. 22, 2015, 7:23 p.m.
  • Length: 8:38
Show
View Real Time Build Order
Export as new Build Order

PerseVerAnce Terran 

Build Orders:  

Get SALT Encoding   

  12  0:00  SCV  
  13  0:12  SCV  
  14  0:18  Supply Depot  
  14  0:24  SCV  
  15  0:39  SCV  
  15  0:41  Barracks  
  16  0:45  Refinery  
  16  0:51  SCV  
  17  1:04  SCV  
  18  1:16  SCV  
  19  1:20  Refinery  
  19  1:27  Supply Depot  
  19  1:30  Reaper  
  21  1:37  Orbital Command  
  20  1:42  Barracks  
  20  1:57  Factory  
  20  2:06  Barracks Reactor  
  20  2:11  SCV  
  21  2:23  SCV  
  21  2:29  Barracks Reactor  
  22  2:36  SCV  
  23  2:41  Factory Tech Lab, Starport  
  23  2:48  SCV  
  23  2:50  Marine x2  
  26  3:01  SCV  
  26  3:03  Siege Tank  
  30  3:08  Marine  
  31  3:14  Marine  
  31  3:15  Supply Depot  
  31  3:16  Supply Depot, Marine x2  
  34  3:21  Medivac  
  36  3:27  Marine  
  37  3:37  Marine x2  
  37  3:38  Marine  
  39  3:47  Siege Tank  
  42  3:53  Marine  
  42  3:55  Marine  
  44  3:59  Marine  
  44  4:00  Supply Depot  
  44  4:01  Marine  
  46  4:14  Marine x2  
  46  4:16  Medivac  
  50  4:25  Supply Depot  
  50  4:37  Marine x4  
  54  4:54  Marine x2  
  56  5:17  Marine x4  
  60  5:34  Siege Tank  
  60  5:35  Marine x4, Medivac  
  68  5:58  Marine x2  
  68  5:59  Marine  
  71  6:10  Marine  
  70  6:16  Marine  
  63  6:19  Marine  
  63  6:20  Marine  
  63  6:21  Siege Tank, Medivac  
  70  6:28  Marine  
  71  6:54  Marine x3  
  71  6:55  Marine  
  51  7:12  Marine x3  
  51  7:13  Marine  
  51  7:15  Liberator  
  41  7:17  SCV  
  41  7:23  Command Center  
  41  7:29  SCV, Marine  
  42  7:30  Marine x2  
  42  7:31  Marine  
  48  7:41  SCV  
  39  7:47  Marine  
  39  7:48  Marine  
  39  7:50  Marine  
  39  7:51  Engineering Bay, Marine  
  36  8:05  Marine  
Show
View Real Time Build Order
Export as new Build Order

Yames Zerg - Winner!

Build Orders: Hatch First 

Get SALT Encoding   

  12  0:01  Drone  
  13  0:12  Overlord  
  13  0:18  Drone  
  14  0:30  Drone x2  
  14  0:34  Drone  
  17  0:54  Hatchery  
  16  0:58  Drone  
  16  0:59  Drone  
  18  1:06  Extractor  
  18  1:08  Drone  
  18  1:18  Spawning Pool  
  17  1:24  Drone  
  18  1:28  Drone  
  19  1:39  Overlord  
  19  2:05  Queen  
  19  2:06  Queen  
  19  2:08  Metabolic Boost  
  23  2:09  Zergling x6  
  26  2:17  Drone  
  26  2:18  Drone  
  28  2:29  Drone x2  
  30  2:33  Drone  
  31  2:49  Drone x3  
  34  3:03  Drone x2  
  36  3:06  Overlord  
  36  3:21  Extractor x2  
  36  3:22  Roach Warren  
  36  3:23  Extractor  
  36  3:24  Lair  
  32  3:28  Hatchery  
  31  3:39  Drone x5  
  31  3:41  Overlord x2  
  34  4:06  Drone x8  
  42  4:15  Drone  
  42  4:16  Drone  
  44  4:23  Spire  
  43  4:31  Drone x3  
  44  4:32  Drone  
  44  4:34  Drone  
  44  4:36  Drone  
  48  4:42  Overlord  
  48  4:44  Overlord  
  48  4:56  Zergling x12  
  48  4:58  Zergling x2  
  48  4:59  Zergling x2  
  56  5:13  Roach x3  
  66  5:15  Roach  
  64  5:35  Mutalisk x2  
  64  5:39  Overlord x3  
  61  5:50  Mutalisk x3  
  67  6:01  Mutalisk x4  
  67  6:02  Mutalisk x2  
  49  6:28  Mutalisk x2  
  49  6:29  Mutalisk x2  
  54  6:33  Zergling x2  
  54  6:34  Zergling x8  
  54  6:37  Zergling x2  
  32  7:20  Drone x6  
  38  7:34  Drone  
  35  7:54  Drone x4  
  39  8:07  Drone  
  40  8:25  Drone x2  
  40  8:35  Hatchery  
Tags
 
Add a new tag
Caveats
  • Supply blocks, unpowered buildings, or Contaminate may cause inaccurate times.
  • Supply counts are checked every 10 seconds.